← All builds
Suicide front / Armada / Factory first / OBSERVED BUILD

Standard suicide front

The role's default: factory first (mostly Bot Lab), pushing Rocketeer-led bot play into the middle to contest and hold the front, with an Advanced Metal Extractor around 9:36 as the natural transition.

Usually lab first (63%)

#raid #push · 1244 distinct matches · 126 players · 71% of Armada Suicide front games · team won 60% of 1476 · Recently observed

HOW TO PLAY IT

Key timing: Bot Lab by 0:20

  1. Open with mex and wind, drop Bot Lab immediately.
  2. Push out first "Centurion" as Pond's boost lands.
  3. Send "Rocketeer", "Centurion", "Pawn" mix to contest middle.
  4. Add Dragon's Teeth and Sentries to hold the line.
  5. Get Advanced Metal Extractor up as T2 nears.

Phase by phase

TYPICAL OF ITS 1244 GAMES
  1. 1
  2. 2
  3. 3
PLAY THE OPENING

Follow the example game's first 6:00 step by step: what to build now, what comes next, and where it goes. At 1× it keeps pace with your own game.

  1. 1

    Bot Lab first

    Order
    1. Bot LabBot Lab done ~0:20, middle half 0:20–0:33

    Some games also: mex (36%)

  2. 2

    Bot Lab to 5:00

    Economy
    • Metal Extractor5Mex
    • Wind Turbine4Wind
    Builders
    • Construction Bot3 Con bot
    • Lazarus2 Lazarus
    Army
    • Sentry4 Sentry
    • Rocketeer18 Rocketeer
    • Tick2 Tick
    • Centurion1 Centurion
    Other
    • Radar Tower1 Radar Tower

    Some games also: con turret (35%) · pawn (32%)

    By 5:00 in all: 5 mex · 4 wind

    The example game in this phase · 32 steps
    1. TickTick
    2. LazarusLazarus
    3. SentrySentry
    4. LazarusLazarus
    5. CenturionCenturion
    6. Construction BotCon bot ×2
    7. Mex ×2
    8. Construction BotCon bot
    9. CenturionCenturion
    10. Mex
    11. RocketeerRocketeer ×2
    12. Mex
    13. RocketeerRocketeer ×3
    14. TickTick
    15. LazarusLazarus
    16. Wind
    17. RocketeerRocketeer ×2
    18. Wind ×2
    19. RocketeerRocketeer
    20. Wind
    21. RocketeerRocketeer
    22. Wind
    23. Con turret
    24. Mex
    25. RocketeerRocketeer
    26. TickTick
    27. LazarusLazarus
    28. Wind ×2
    29. Radar TowerRadar Tower
    30. RocketeerRocketeer
    31. Wind
    32. Energy storage
  3. 3

    5:00 to 10:00

    Economy
    • Metal Extractor1Mex
    • Wind Turbine17Wind
    Builders
    • Construction Turret2 Con turret
    • Lazarus2 Lazarus
    • Construction Bot1 Con bot
    Army
    • Sentry1 Sentry
    • Rocketeer8 Rocketeer
    • Pawn1 Pawn

    Some games also: tick (48%) · Radar Tower (47%) · energy storage (46%) · centurion (45%) · Beamer (39%)

    By 10:00 in all: 6 mex · 23 wind · 1 energy storage · 3 con turret

    The example game in this phase · 140 steps
    1. RocketeerRocketeer ×2
    2. Mex
    3. RocketeerRocketeer ×2
    4. TickTick
    5. Con turret
    6. LazarusLazarus
    7. RocketeerRocketeer ×3
    8. Mex
    9. RocketeerRocketeer
    10. Con turret
    11. TickTick
    12. LazarusLazarus
    13. Construction BotCon bot
    14. Wind
    15. Construction BotCon bot
    16. Wind ×3
    17. Construction BotCon bot
    18. Converter
    19. Construction BotCon bot
    20. Wind ×3
    21. Construction BotCon bot
    22. Wind ×2
    23. Construction BotCon bot
    24. Converter
    25. Construction BotCon bot
    26. Wind ×2
    27. Construction BotCon bot
    28. Wind ×2
    29. Con turret
    30. Advanced Metal ExtractorT2 mexdone 9:06 · typical 9:38
    31. Construction BotCon bot
    32. Converter
    33. Wind ×2
    34. Mex
    35. Wind ×2
    36. Converter
    37. Construction BotCon bot
    38. Wind
    39. Con turret
    40. Wind
    41. Advanced Metal ExtractorT2 mex
    42. Wind ×2
    43. Converter
    44. Wind ×5
    45. Sneaky PeteSneaky Pete
    46. Mex
    47. Wind ×3
    48. Converter ×2
    49. Wind ×2
    50. Con turret
    51. Wind ×3
    52. Advanced Metal ExtractorT2 mex
    53. Wind ×3
    54. Converter
    55. Wind ×2
    56. Converter
    57. Con turret
    58. Wind ×2
    59. Fortification WallFortification Wall ×2
    60. Wind ×2
    61. Fortification WallFortification Wall ×2
    62. Wind
    63. Fortification WallFortification Wall ×2
    64. Converter
    65. Wind
    66. Fortification WallFortification Wall ×2
    67. Wind ×3
    68. Fortification WallFortification Wall
    69. Wind
    70. Fortification WallFortification Wall
    71. Converter
    72. Wind
    73. Fortification WallFortification Wall
    74. Wind
    75. Fortification WallFortification Wall ×2
    76. Wind ×3
    77. Fortification WallFortification Wall ×2
    78. Wind
    79. Converter
    80. Fortification WallFortification Wall
    81. Wind
    82. Fortification WallFortification Wall ×2
    83. Converter
    84. Wind ×10
    85. Converter
    86. Wind ×3
    87. Converter
    88. Advanced Metal ExtractorT2 mex
    89. Converter
    90. Wind
    91. Con turret
    92. Wind ×13
    93. Converter ×2
    94. Wind ×4
    95. Pit BullPit Bull
    96. Converter
    97. Wind ×7
    98. Converter
    99. Wind ×4
    100. Converter
    101. Wind ×3
    102. Converter
    103. BeamerBeamer
    104. Wind
    105. BeamerBeamer
    106. Wind ×3
    107. Converter
    108. Wind
    109. BeamerBeamer
    110. Converter
    111. Wind ×3
    112. Bot LabBot Labdone 13:54
    113. Wind ×3
    114. Converter
    115. BeamerBeamer
    116. Wind
    117. Converter
    118. PawnPawn
    119. Wind ×4
    120. PawnPawn
    121. Wind
    122. Converter
    123. Wind
    124. PawnPawn
    125. Wind ×3
    126. PawnPawn
    127. Wind ×2
    128. PawnPawn
    129. BeamerBeamer ×2
    130. Converter
    131. Wind
    132. PawnPawn
    133. Wind ×3
    134. Converter
    135. PawnPawn
    136. BeamerBeamer
    137. Wind ×2
    138. BeamerBeamer
    139. LazarusLazarus
    140. Wind

Counts are medians over the build's games: half of them build more, half fewer. The example game is Soliloqueur's (42 OS, 25/09/2026); pick another.

Team trades

IN AT LEAST 30% OF ITS GAMES

You hand over

Nothing regular.

You get

  • Tidal Generator4 Tidal from Pondfirst at 0:10 · in 69% of games
  • Advanced Construction Bot1 T2 con bot from Geo or Techfirst at 7:30 · in 58% of games

How it plays out

Typical game of this build, running totals by minute

Metal produced

010k20k30k
0:005:0010:0015:00

metal

Enemy metal destroyed

05k10k
0:005:0010:0015:00

metal

Own metal lost

05k10k
0:005:0010:0015:00

metal

1476 games.

Show as table
ByMetal produced: This buildEnemy metal destroyed: This buildOwn metal lost: This build
1:0022600
2:0088800
3:002052173106
4:003161658487
5:00424314151020
6:00543323271786
7:00666831762727
8:00791340353627
9:00930148084496
10:001068454295313
11:001224658946034
12:001409665046820
13:001621470167535
14:001807476888398
15:002043282939278
WHAT THE NUMBERS SAY

Standard suicide front play wins slightly more than half its games with fast kills but also fast losses, matching the raw grind of the role.

  • + First kill lands by 2:04 in all games
  • + Metal produced reaches 19882 by 15:00
  • − Own metal lost hits 9208 by 15:00, near metal destroyed of 8172
  • − First unit lost as early as 2:08 in every game
THE EXAMPLE YOU ARE READING

Soliloqueur

41.6 OS · 25/09/2026

Open source match ↗

5 received units · includes a constructor
692 metal received · 32072 energy received

Allied construction assistance is unknown. Timings are observations, not a promise of solo reproducibility.

Typical milestones

Bot Lab0:20Middle 50%: 0:20–0:33 · n=1470
Advanced Metal Extractor9:38Middle 50%: 8:42–10:48 · n=1084

Played most by

_X_252games of this buildPlatinumBlonde176games of this buildXad119games of this buildImmort67games of this buildwatermeloans58games of this build